Map: Nightshade LE

Players

MаXGrig - Winner!

  • Race: Terran Terran
  • League: Diamond
  • Spawn Location: 11:00

A.I. 1 (Elite)

  • Race: Protoss Protoss
  • Spawn Location: 5:00

VOD

Have the link to the VOD?

Description

Time

  • Played on: Dec. 27, 2019, 11:37 p.m.
  • Length: 11:15
Show
View Real Time Build Order
Export as new Build Order

MаXGrig Terran - Winner!

Build Orders: Reaper Expand 

Get SALT Encoding   

  12  0:00  SCV  
  13  0:13  SCV  
  14  0:18  Supply Depot  
  14  0:25  SCV  
  15  0:39  SCV  
  15  0:42  Barracks  
  16  0:45  Refinery  
  16  0:52  SCV  
  17  1:04  SCV  
  18  1:16  SCV  
  19  1:29  Orbital Command  
  19  1:30  Reaper  
  20  1:40  Command Center  
  20  1:46  Bunker  
  20  1:54  SCV  
  20  1:59  Supply Depot  
  21  2:02  Marine  
  21  2:07  SCV  
  23  2:13  Factory  
  23  2:20  SCV  
  24  2:27  Refinery  
  24  2:30  Barracks Reactor  
  24  2:32  SCV  
  25  2:38  Barracks  
  25  2:44  SCV  
  26  2:54  Orbital Command  
  26  2:56  SCV  
  26  2:57  Widow Mine  
  29  3:06  Marine x2  
  29  3:09  SCV  
  32  3:18  Widow Mine  
  34  3:21  SCV x2  
  34  3:24  Marine x2  
  34  3:25  Supply Depot  
  38  3:27  Barracks Tech Lab  
  38  3:33  SCV  
  39  3:35  SCV  
  39  3:39  Starport  
  39  3:40  Factory Reactor  
  40  3:43  Marine x2  
  40  3:46  Stimpack  
  40  3:47  Marine  
  43  3:51  Supply Depot  
  43  3:53  SCV  
  43  3:55  SCV  
  45  4:02  Marine x2  
  47  4:05  SCV  
  47  4:06  Marine  
  47  4:07  SCV  
  49  4:14  Supply Depot  
  49  4:17  SCV  
  49  4:19  SCV  
  49  4:21  Marine  
  49  4:22  Marine  
  53  4:24  Medivac x2  
  53  4:25  Factory Tech Lab  
  53  4:27  Marine  
  53  4:29  SCV  
  53  4:31  SCV  
  60  4:38  Supply Depot  
  60  4:40  Marine x2  
  60  4:41  SCV  
  60  4:43  SCV, Siege Tank  
  67  4:46  Marine  
  68  5:00  Command Center  
  68  5:02  Supply Depot  
  68  5:03  Marine x2  
  68  5:04  Marine  
  71  5:13  SCV x2  
  73  5:17  Refinery x2  
  73  5:21  Marine  
  73  5:22  Marine  
  73  5:24  Supply Depot  
  73  5:25  Marine, Engineering Bay  
  73  5:27  Engineering Bay, Siege Tank  
  80  5:28  SCV  
  80  5:30  Combat Shield  
  80  5:46  Supply Depot  
  78  5:57  Marine x3  
  78  6:01  Siege Tank  
  78  6:02  Terran Infantry Weapons Level 1  
  78  6:03  SCV x2  
  86  6:15  SCV, Marine x3  
  90  6:21  Medivac x2  
  94  6:33  Marine x3  
  97  6:41  Siege Tank  
  97  6:42  Orbital Command  
  100  6:48  Barracks  
  100  6:50  Marine x2, Barracks x2  
  100  6:51  SCV x2, Terran Infantry Armor Level 1  
  104  6:59  Marine  
  104  7:01  Medivac x2  
  109  7:03  SCV x2  
  111  7:08  Marine x2  
  113  7:16  Armory  
  113  7:17  Orbital Command  
  113  7:21  Supply Depot, Marine  
  114  7:24  Supply Depot  
  114  7:26  Marine x2  
  116  7:47  SCV  
  116  7:48  SCV x2  
  119  8:00  SCV  
  120  8:05  Terran Infantry Weapons Level 2  
  120  8:08  Barracks Tech Lab x2  
  120  8:10  Concussive Shells  
  120  8:16  Marine x3  
  120  8:17  Medivac, Siege Tank  
  120  8:18  Medivac  
  130  8:27  Marauder  
  130  8:31  Barracks Reactor  
  130  8:32  SCV  
  133  8:38  Supply Depot  
  133  8:39  Supply Depot  
  133  8:41  Supply Depot  
  133  9:00  SCV x3, Marine x3, Marauder  
  133  9:01  Marauder  
  143  9:04  Supply Depot  
  143  9:06  Supply Depot  
  143  9:10  Marine x2  
  143  9:11  Siege Tank  
  143  9:12  SCV x3, Medivac x2  
  155  9:17  Marine x2  
  157  9:25  SCV x3, Marine x3  
  157  9:28  Supply Depot  
  157  9:30  Supply Depot  
  163  9:36  Marine x3  
  163  9:37  Refinery, Marine, SCV x3  
  170  9:38  Refinery  
  170  9:43  Marine x2  
  172  9:46  Marine  
  172  9:49  Siege Tank  
  172  9:50  SCV  
  177  9:54  Marine  
  177  9:55  Marine x3  
  181  10:01  Marine  
  182  10:07  Marine x2  
  182  10:12  Marine x2  
  174  10:24  Marine x3  
  174  10:25  Marine x2  
  188  11:10  Supply Depot  
  188  11:12  Supply Depot  
  188  11:13  Supply Depot  
Show
View Real Time Build Order
Export as new Build Order

A.I. 1 (Elite) Protoss 

Build Orders: 1 Gate Expand 

Get SALT Encoding   

  12  0:00  Probe  
  13  0:13  Probe  
  14  0:20  Pylon  
  14  0:25  Probe  
  15  0:34  Probe  
  15  0:42  Probe  
  17  0:52  Probe, Gateway  
  18  1:00  Probe  
  19  1:14  Probe  
  19  1:16  Nexus  
  20  1:26  Probe  
  21  1:35  Pylon  
  21  1:41  Zealot  
  21  1:45  Cybernetics Core  
  23  1:48  Assimilator  
  23  1:53  Probe  
  24  2:05  Probe  
  25  2:17  Probe  
  25  2:22  Warp Gate  
  25  2:24  Pylon  
  25  2:25  Probe  
  25  2:28  Probe  
  27  2:33  Probe  
  27  2:40  Probe  
  27  2:42  Gateway  
  29  2:45  Assimilator  
  29  2:46  Probe  
  30  2:52  Stalker  
  32  2:59  Probe, Pylon  
  32  3:02  Probe  
  33  3:11  Probe  
  34  3:14  Probe  
  29  3:20  Adept  
  35  3:22  Adept  
  35  3:23  Probe  
  38  3:28  Probe  
  38  3:32  Robotics Facility  
  40  3:35  Probe  
  40  3:40  Probe  
  42  3:47  Probe  
  43  3:48  Adept  
  43  3:49  Adept  
  43  3:52  Probe  
  47  3:59  Probe  
  48  4:04  Probe  
  48  4:11  Probe  
  48  4:16  Probe  
  50  4:22  Robotics Bay  
  50  4:23  Probe, Pylon  
  51  4:26  Adept  
  51  4:27  Adept  
  51  4:28  Probe  
  57  4:31  Observer  
  57  4:35  Probe  
  58  4:39  Pylon  
  58  4:40  Probe  
  59  4:47  Probe  
  59  4:50  Pylon  
  59  4:52  Probe, Robotics Facility  
  62  5:00  Probe, Stalker  
  64  5:09  Gateway, Stalker  
  66  5:20  Pylon  
  66  5:22  Zealot  
  68  5:28  Probe  
  68  5:32  Zealot  
  70  5:36  Zealot, Pylon  
  70  5:38  Probe  
  72  5:42  Probe  
  72  5:46  Probe, Assimilator  
  64  5:52  Twilight Council, Stalker  
  64  5:53  Assimilator  
  64  5:55  Probe, Nexus  
  64  5:56  Zealot  
  70  6:03  Zealot  
  72  6:10  Probe  
  73  6:13  Probe  
  73  6:15  Sentry  
  73  6:16  Zealot  
  78  6:18  Probe  
  78  6:25  Probe  
  76  6:26  Probe  
  62  6:35  Probe  
  62  6:37  Probe  
  64  6:43  Probe  
  64  6:47  Templar Archives  
  64  6:49  Probe  
  64  6:51  Probe  
  67  7:01  Probe  
  67  7:03  Probe  
  69  7:13  Probe  
  71  7:15  Probe  
  71  7:20  Zealot, Sentry  
  71  7:21  Zealot  
  77  7:25  Probe  
  77  7:27  Probe  
  77  7:29  Nexus, Pylon  
  79  7:37  Probe, Stalker  
  79  7:40  High Templar, Probe  
  79  7:41  High Templar  
  87  7:49  Probe  
  88  7:53  Probe  
  88  7:55  Pylon  
  88  7:57  Sentry  
  91  8:02  Probe, Archon  
  91  8:04  Stalker  
  91  8:05  Probe  
  87  8:13  Zealot  
  87  8:14  Probe  
  87  8:16  Probe  
  89  8:20  Stalker  
  89  8:26  High Templar  
  93  8:33  Pylon  
  93  8:46  Probe  
  93  8:47  High Templar, Probe  
  89  8:53  Gateway  
  88  8:58  Probe, Pylon  
  88  8:59  Probe  
  88  9:02  Archon, Stalker  
  92  9:10  Probe  
  92  9:11  Probe  
  94  9:19  High Templar, Pylon  
  94  9:21  Probe  
  94  9:22  High Templar  
  94  9:23  Probe  
  100  9:29  Probe  
  100  9:35  Probe  
  100  9:37  Probe  
  102  9:40  Pylon  
  103  9:47  Probe, Zealot  
  103  9:51  Zealot  
  108  9:53  Probe  
  108  9:54  Zealot  
  108  9:59  Pylon  
  108  10:03  Probe  
  108  10:05  Probe, Zealot  
  92  10:07  Zealot  
  94  10:15  Zealot  
  55  10:25  High Templar  
  23  10:37  High Templar  
  19  11:03  Archon  
Tags
 
Add a new tag
Caveats
  • Supply blocks, unpowered buildings, or Contaminate may cause inaccurate times.
  • Supply counts are checked every 10 seconds.